 Dungeon Sprint DCSS version 0.22.1-2-g9c5b331383 (webtiles) character file.

109 Morrissey the Grappler (level 4, -4/39 HPs)
             Began as a Troll Earth Elementalist on Nov 29, 2018.
             Was a Priest of Makhleb.
             Killed by divine providence
             ... invoked by an orc priest
              (10 damage)
             ... in the Dungeon (Sprint VII: "The Pits").
             The game lasted 00:01:09 (266 turns).

Morrissey the Grappler (Troll Earth Elementalist)    Turns: 266, Time: 00:01:10

Health: -4/39      AC:  5    Str: 16    XL:     4   Next: 59%
Magic:  4/4        EV: 10    Int: 11    God:    Makhleb [***...]
Gold:   0          SH:  0    Dex: 11    Spells: 4/5 levels left

rFire    . . .     SeeInvis .     - Unarmed
rCold    . . .     Gourm    +   (no shield)
rNeg     . . .     Faith    .   c - +0 robe
rPois    .         Spirit   .   (helmet restricted)
rElec    .         Reflect  .   (no cloak)
rCorr    .         Harm     .   (gloves unavailable)
MR       .....     NoTele   +   (boots unavailable)
Stlth    +.........             (no amulet)
HPRegen  0.53/turn              (no ring)
MPRegen  0.09/turn              (no ring)

@: no status effects
A: large, unfitting armour, claws 3, fast metabolism 3, gourmand, regeneration
1, shaggy fur 1, tough skin 2
a: Minor Destruction, Lesser Servant of Makhleb, Renounce Religion


You were in the Dungeon.
You worshipped Makhleb.
Makhleb was most pleased with you.
You were not hungry.

You visited 1 branch

Inventory:

Missiles
 b - 40 stones (quivered)
Armour
 c - a +0 robe (worn)
Scrolls
 j - a scroll of blinking
 k - 3 scrolls of remove curse
 l - 5 scrolls of amnesia
 m - a scroll of summoning
Potions
 a - 2 potions of invisibility
 e - 6 potions of curing
 f - 6 potions of heal wounds
 g - a potion of haste
 h - 4 potions of magic
 i - 3 potions of berserk rage
Comestibles
 d - 10 rations
 n - 6 chunks of flesh


   Skills:
 - Level 1.5 Dodging
 - Level 1.0 Stealth
 + Level 9.1 Unarmed Combat
 - Level 1.2 Spellcasting
   Level 0.6 Transmutations
 - Level 2.6 Earth Magic


You had 4 spell levels left.
You knew the following spells:

 Your Spells              Type           Power        Failure   Level  Hunger
a - Sandblast             Erth           #.....       11%         1    ##.....

Your spell library contained the following spells:

 Spells                   Type           Power        Failure   Level  Hunger
 Passwall                 Tmut/Erth      #.......     24%         2    ###....
 Stone Arrow              Conj/Erth      #.....       50%         3    ####...
 Petrify                  Tmut/Erth      #.......     85%         4    #####..
 Lee's Rapid Deconstruct  Erth           #.........   96%         5    ######.


Dungeon Overview and Level Annotations

Branches:
Dungeon (1/1)

Altars:
Ashenzari
Cheibriados
Dithmenos
Elyvilon
Fedhas
Gozag
Hepliaklqana
Kikubaaqudgha
Makhleb
Nemelex Xobeh
Okawaru
Qazlal
Ru
Sif Muna
Trog
Uskayaw
Vehumet
Wu Jian
Xom
Yredelemnul
Zin
The Shining One
Beogh
Jiyva
Lugonu


Innate Abilities, Weirdness & Mutations

You are too large for most types of armour.
You have claws for hands.
Your metabolism is lightning-fast.
You like to eat raw meat.
Your natural rate of healing is unusually fast.
You are covered in fur. (AC +1)
You have very tough skin. (AC +2)


Message History

You miss the crimson imp.
The crimson imp is moderately wounded.
The orc priest hits you with a flail!
* * * LOW HITPOINT WARNING * * *
The crimson imp blinks!
The orc priest miscasts a cantrip.
The crimson imp puffs mist at you.
The crimson imp blinks!
You completely miss the crimson imp.
The crimson imp is lightly wounded.
The orc priest invokes the aid of Beogh against you.
Pain shoots through your body!
* * * LOW HITPOINT WARNING * * *
The crimson imp grinds its teeth.
The crimson imp hits you but does no damage.
You miss the crimson imp.
The crimson imp is lightly wounded.
The orc priest invokes the aid of Beogh against you.
Beogh smites you!
You die...

#.......†...'.....
#'#####'#####.....
#.#..#..#[.##.....
#.#..'..'..#####'#
#.##'####'###.....
#.#........##.....
#.#........##.....
#5#####'#####...<.
#@#..[)))..##.....
#.#..[)))..##.....
#o###########.....
#oK.J...# ######
#K§#.#..# #.## #
#.. #.# #..


You could see a big kobold, an orc priest, a crimson imp, an orc and a kobold.

Vanquished Creatures
  A jelly (D)
  An iron imp (D)
  A worker ant (D)
  A river rat (D)
  2 oozes (D)
  A leopard gecko (D)
  2 orcs (D)
  A ball python skeleton (D)
  A jackal zombie (D)
  A rat (D)
12 creatures vanquished.

Notes
Turn   | Place    | Note
-------+----------+-------------------------------------------
     0 | D        | Morrissey the Troll Earth Elementalist began the quest for
                  | the Orb.
     0 | D        | Reached XP level 1. HP: 16/16 MP: 1/1
    15 | D        | Reached skill level 1 in Unarmed Combat
    43 | D        | Found a glowing golden altar of the Shining One.
    43 | D        | Found a glowing silver altar of Zin.
    43 | D        | Found a basalt altar of Yredelemnul.
    43 | D        | Found a shimmering altar of Xom.
    43 | D        | Found an ornate altar of the Wu Jian Council.
    43 | D        | Found a bloodstained altar of Trog.
    43 | D        | Found a deep blue altar of Sif Muna.
    43 | D        | Found a sacrificial altar of Ru.
    43 | D        | Found a stormy altar of Qazlal.
    43 | D        | Found an iron altar of Okawaru.
    43 | D        | Found a sparkling altar of Nemelex Xobeh.
    43 | D        | Found a burning altar of Makhleb.
    43 | D        | Found a viscous altar of Jiyva.
    43 | D        | Found a hazy altar of Hepliaklqana.
    43 | D        | Found an opulent altar of Gozag.
    43 | D        | Found a blossoming altar of Fedhas.
    43 | D        | Found a white marble altar of Elyvilon.
    43 | D        | Found a shadowy altar of Dithmenos.
    43 | D        | Found a snail-covered altar of Cheibriados.
    46 | D        | Found a corrupted altar of Lugonu.
    46 | D        | Found a radiant altar of Vehumet.
    46 | D        | Found a roughly hewn altar of Beogh.
    48 | D        | Found a shattered altar of Ashenzari.
    48 | D        | Found an ancient bone altar of Kikubaaqudgha.
    48 | D        | Found a hide-covered altar of Uskayaw.
    66 | D        | Became a worshipper of Makhleb the Destroyer
    79 | D        | Noticed a worker ant
    88 | D        | Killed a worker ant
    88 | D        | Reached skill level 5 in Unarmed Combat
    88 | D        | Reached XP level 2. HP: 6/24 MP: 2/2
   147 | D        | Reached skill level 6 in Unarmed Combat
   147 | D        | Reached XP level 3. HP: 19/31 MP: 3/3
   149 | D        | Reached * piety under Makhleb
   188 | D        | Reached ** piety under Makhleb
   200 | D        | Reached skill level 8 in Unarmed Combat
   200 | D        | Reached XP level 4. HP: 39/39 MP: 4/4
   256 | D        | Reached *** piety under Makhleb
   256 | D        | Reached skill level 9 in Unarmed Combat
   256 | D        | Noticed a big kobold
   266 | D        | Killed from afar by an orc priest

Skill      XL: |  1  2  3  4 |
---------------+-------------+-----
Unarmed Combat | 5 6 8 9 |  9.1
Dodging        | |  1.5
Stealth        | |  1.0
Spellcasting   | |  1.2
Transmutations | |  0.6
Earth Magic    | |  2.6

Action                   |  1- 3 |  4- 6 || total
-------------------------+-------+-------++-------
Melee: Unarmed           |    39 |     8 ||    47
Armor: Robe              |    10 |     3 ||    13
Dodge: Dodged            |    23 |     2 ||    25
